Map: King's Cove LE

Players

IIIIIIIIII

  • Race: Protoss Protoss
  • League: Diamond
  • Spawn Location: 5:00

wootwoot - Winner!

  • Race: Protoss Protoss
  • League: Diamond
  • Spawn Location: 11:00

VOD

Have the link to the VOD?

Description

Time

  • Played on: April 3, 2025, 1:23 a.m.
  • Length: 3:41
Show
View Real Time Build Order
Export as new Build Order

IIIIIIIIII Protoss 

Build Orders:  

Get SALT Encoding   

  12  0:05  Probe  
  13  0:18  Pylon, Probe  
  14  0:29  Probe  
  15  0:38  Gateway, Probe  
  16  0:48  Assimilator, Probe  
  17  1:02  Assimilator  
  17  1:03  Probe  
  18  1:15  Probe  
  19  1:26  Cybernetics Core  
  19  1:28  Probe  
  20  1:39  Assimilator  
  20  1:46  Gateway  
  20  1:47  Pylon  
  20  2:04  Adept  
  22  2:32  Stalker x2  
  26  2:41  Shield Battery  
  24  2:44  Pylon  
  20  3:09  Shield Battery  
Show
View Real Time Build Order
Export as new Build Order

wootwoot Protoss - Winner!

Build Orders:  

Get SALT Encoding   

  12  0:01  Probe  
  13  0:14  Probe  
  14  0:26  Probe, Pylon  
  15  0:44  Gateway  
  15  0:46  Assimilator  
  15  0:51  Pylon  
  15  1:10  Gateway  
  15  1:15  Gateway  
  15  1:31  Cybernetics Core  
  15  1:36  Probe  
  16  1:49  Probe  
  17  1:56  Stalker x2  
  21  2:22  Stalker x2  
  25  2:54  Zealot x2  
  29  3:03  Pylon  
Tags
 
Matchup
PvP
Replay Pack
B2M-Replays
Spawn Locations
Cross Positions
Add a new tag
Caveats
  • Supply blocks, unpowered buildings, or Contaminate may cause inaccurate times.
  • Supply counts are checked every 10 seconds.